Map: Ice and Chrome LE

Players

Caerwyn - Winner!

  • Race: Protoss Protoss
  • League: Master
  • Spawn Location: 1:00

TrustMe

  • Race: Terran Terran
  • League: Master
  • Spawn Location: 7:00

VOD

Have the link to the VOD?

Description

Time

  • Played on: Aug. 28, 2020, 7:15 a.m.
  • Length: 12:39
Show
View Real Time Build Order
Export as new Build Order

Caerwyn Protoss - Winner!

Build Orders:  

Get SALT Encoding   

  12  0:00  Probe  
  13  0:14  Probe  
  14  0:18  Pylon  
  14  0:26  Probe (Chrono Boost)  
  15  0:38  Probe (Chrono Boost)  
  15  0:39  Gateway  
  16  0:45  Probe (Chrono Boost)  
  16  0:49  Assimilator  
  17  0:57  Pylon  
  17  1:00  Probe  
  18  1:12  Probe  
  18  1:17  Gateway  
  19  1:30  Cybernetics Core  
  19  1:31  Zealot (Chrono Boost)  
  21  1:40  Probe  
  21  1:46  Pylon  
  22  2:04  Stalker (Chrono Boost)  
  26  2:13  Stalker (Chrono Boost)  
  26  2:20  Probe  
  26  2:30  Stalker  
  26  2:32  Probe  
  26  2:36  Stalker  
  31  2:44  Probe  
  31  2:46  Assimilator  
  32  3:03  Stalker  
  32  3:17  Stalker  
  34  3:23  Nexus  
  34  3:41  Stalker  
  32  3:48  Probe  
  33  3:53  Pylon  
  33  4:07  Warp Gate (Chrono Boost)  
  33  4:12  Stalker x2  
  33  4:14  Probe  
  38  4:26  Gateway  
  38  4:27  Shield Battery  
  38  4:29  Probe (Chrono Boost)  
  39  4:37  Probe (Chrono Boost)  
  39  4:38  Robotics Facility  
  40  4:41  Probe (Chrono Boost)  
  42  4:46  Probe (Chrono Boost)  
  42  4:48  Probe (Chrono Boost), Stalker  
  42  4:51  Probe (Chrono Boost)  
  46  5:04  Probe x2  
  46  5:05  Assimilator  
  48  5:09  Assimilator  
  48  5:11  Pylon  
  48  5:16  Probe x2  
  50  5:25  Observer  
  50  5:28  Probe x2  
  53  5:29  Robotics Bay  
  53  5:39  Pylon  
  53  5:40  Probe x2  
  55  5:44  Stalker x2  
  59  5:51  Observer  
  59  5:52  Probe (Chrono Boost)  
  62  5:58  Probe (Chrono Boost)  
  62  6:04  Shield Battery  
  62  6:09  Probe  
  62  6:10  Probe  
  64  6:14  Stalker x2  
  68  6:21  Probe, Colossus (Chrono Boost)  
  68  6:22  Probe  
  76  6:28  Pylon  
  76  6:34  Probe  
  76  6:35  Probe  
  78  6:41  Pylon  
  78  6:42  Extended Thermal Lance (Chrono Boost)  
  78  6:44  Gateway  
  78  6:48  Probe x2  
  78  6:53  Adept  
  82  7:04  Observer  
  82  7:07  Colossus  
  88  7:09  Observer  
  88  7:21  Nexus  
  88  7:23  Pylon  
  88  7:42  Gateway  
  88  7:43  Zealot x2  
  92  7:45  Gateway, Zealot  
  94  7:51  Twilight Council  
  94  7:54  Forge, Pylon  
  92  8:01  Stalker  
  92  8:03  Probe x2  
  96  8:12  Colossus (Chrono Boost)  
  96  8:15  Pylon  
  96  8:18  Pylon  
  102  8:23  Probe  
  102  8:24  Shield Battery  
  102  8:27  Shield Battery  
  102  8:29  Shield Battery  
  102  8:32  Protoss Ground Weapons Level 1, Probe, Observer  
  103  8:35  Probe  
  104  8:41  Blink (Chrono Boost)  
  104  8:47  Zealot x3  
  104  8:48  Probe  
  111  8:59  Warp Prism (Chrono Boost)  
  113  9:06  Probe x3  
  116  9:25  Zealot  
  116  9:26  Zealot x4  
  116  9:30  Probe  
  123  9:32  Assimilator  
  123  9:35  Assimilator  
  122  9:47  Nexus  
  122  9:49  Pylon  
  122  9:54  Probe x3  
  122  9:56  Disruptor (Chrono Boost)  
  128  10:02  Gateway  
  128  10:04  Gateway  
  128  10:06  Probe, Gateway  
  128  10:07  Probe x2  
  131  10:09  Templar Archives  
  131  10:16  Pylon  
  131  10:17  Photon Cannon  
  131  10:19  Charge (Chrono Boost)  
  131  10:20  Photon Cannon  
  131  10:25  Stalker  
  131  10:26  Stalker, Forge  
  131  10:27  Stalker  
  137  10:30  Disruptor (Chrono Boost)  
  140  10:36  Psionic Storm  
  140  10:39  Probe x3  
  143  10:48  Robotics Facility  
  143  10:54  Zealot x2  
  143  10:55  Zealot  
  149  11:05  Pylon  
  149  11:06  Dark Shrine  
  149  11:07  Pylon  
  149  11:09  Pylon  
  149  11:21  Stalker  
  149  11:22  Stalker x5  
  160  11:47  Zealot  
  160  11:48  Zealot x7  
  174  11:55  Pylon  
  174  11:56  Pylon  
  174  11:57  Pylon  
  130  12:32  Zealot x6  
  130  12:33  Zealot x2  
  144  12:38  Gateway  
Show
View Real Time Build Order
Export as new Build Order

TrustMe Terran 

Build Orders: Gas First Reaper Expand 

Get SALT Encoding   

  12  0:00  SCV  
  13  0:12  SCV  
  14  0:17  Supply Depot  
  14  0:24  SCV  
  15  0:29  Refinery  
  15  0:39  SCV  
  15  0:40  Barracks  
  16  0:46  Refinery  
  16  0:51  SCV  
  17  1:03  SCV  
  18  1:15  SCV  
  19  1:27  Orbital Command  
  19  1:28  Reaper  
  20  1:49  Command Center  
  20  1:57  SCV  
  20  2:00  Bunker  
  21  2:03  Marine  
  22  2:08  Supply Depot  
  22  2:20  SCV  
  23  2:25  Factory  
  23  2:30  Barracks Reactor  
  22  2:40  Bunker  
  22  2:41  Bunker  
  19  3:08  Marine x2  
  20  3:17  Widow Mine  
  22  3:31  SCV  
  18  3:47  SCV  
  18  3:54  Starport  
  19  3:58  Orbital Command  
  18  4:14  Supply Depot  
  18  4:17  Factory Tech Lab  
  18  4:19  SCV  
  19  4:25  SCV  
  20  4:38  SCV  
  20  4:39  SCV  
  20  4:41  Banshee  
  25  4:51  SCV  
  26  4:53  Marine x2  
  26  4:55  SCV  
  29  5:01  Widow Mine  
  29  5:03  SCV  
  32  5:09  SCV  
  32  5:10  Marine  
  32  5:12  Refinery  
  34  5:17  SCV  
  35  5:21  SCV  
  35  5:22  Engineering Bay  
  36  5:28  Marine  
  36  5:29  Marine  
  36  5:31  Siege Tank  
  36  5:33  SCV  
  42  5:36  Supply Depot  
  42  5:45  SCV x2  
  42  5:48  Viking  
  46  5:56  Missile Turret  
  46  5:57  Marine  
  46  5:59  Marine  
  46  6:00  SCV x2  
  48  6:21  Orbital Command  
  48  6:23  Siege Tank, Marine x2  
  53  6:37  SCV  
  54  6:40  Supply Depot  
  54  6:42  Medivac  
  54  6:45  Supply Depot  
  54  6:47  Command Center, SCV  
  57  6:55  Marine x2  
  59  7:03  SCV x2  
  59  7:04  Barracks  
  59  7:05  Factory Reactor  
  61  7:14  Barracks  
  61  7:15  SCV  
  62  7:18  SCV  
  63  7:27  SCV  
  64  7:30  SCV  
  64  7:31  Starport Reactor  
  62  7:39  SCV  
  62  7:43  SCV  
  64  7:51  SCV  
  64  7:55  SCV  
  64  7:56  Marine, Stimpack  
  67  8:01  Orbital Command  
  67  8:03  SCV  
  68  8:07  SCV, Barracks Tech Lab  
  68  8:09  Starport  
  69  8:15  SCV  
  70  8:23  SCV  
  70  8:24  Marine, Orbital Command  
  70  8:25  Combat Shield, Marine  
  73  8:27  Marauder x2  
  73  8:32  Medivac, Refinery  
  73  8:33  Refinery  
  73  8:34  Medivac  
  81  8:37  Supply Depot x2  
  81  8:42  Marine  
  81  8:48  Viking  
  84  8:49  Marine x2  
  84  8:50  SCV x2  
  84  8:51  SCV  
  89  8:59  Marauder  
  89  9:02  Bunker, SCV  
  92  9:03  Viking  
  92  9:05  Bunker  
  94  9:13  Supply Depot  
  94  9:15  Supply Depot  
  86  9:30  SCV, Orbital Command  
  87  9:38  Viking  
  87  9:39  Viking x2  
  93  9:49  SCV  
  93  9:57  SCV x2  
  93  9:58  Marauder x2, Bunker, Marine x2  
  101  10:00  Terran Infantry Weapons Level 1  
  101  10:02  Engineering Bay  
  101  10:04  Supply Depot, Bunker  
  101  10:05  Supply Depot  
  101  10:06  Bunker  
  101  10:10  SCV x2  
  101  10:11  SCV  
  104  10:17  Missile Turret, Viking x2, Refinery x2  
  104  10:21  Concussive Shells  
  108  10:22  SCV  
  108  10:23  Marauder  
  108  10:26  Marauder, Marine x2  
  115  10:32  SCV x2  
  115  10:35  SCV  
  118  10:44  Marine  
  118  10:45  SCV  
  118  10:46  SCV  
  121  10:50  Missile Turret  
  121  10:51  SCV  
  121  10:52  Marauder, Marine x2  
  121  10:56  Command Center  
  126  10:58  SCV  
  126  11:01  Barracks  
  126  11:02  Barracks  
  127  11:09  Marauder  
  127  11:10  Marine  
  130  11:12  SCV  
  130  11:13  Marauder, Marine, Armory  
  130  11:15  Viking  
  130  11:16  Viking  
  138  11:23  SCV x2  
  138  11:24  Ghost Academy  
  140  11:29  SCV  
  140  11:32  Marauder, Marine x2  
  136  11:35  SCV x2  
  136  11:38  Barracks  
  139  11:43  Barracks  
  139  11:45  Marauder  
  141  11:52  Barracks Tech Lab  
  138  11:55  SCV  
  129  12:21  Marine  
  108  12:23  SCV  
Tags
 
Add a new tag
Caveats
  • Supply blocks, unpowered buildings, or Contaminate may cause inaccurate times.
  • Supply counts are checked every 10 seconds.